 Dungeon Crawl Stone Soup version 0.31.0-32-g396128a36d (webtiles) character file.

Game seed: 12114027241476678584

3292 Tovical the Fighter (level 10, 0/68 HPs)
             Began as a Gargoyle Fighter on Mar 9, 2024.
             Was a Believer of Zin.
             Slain by an orc
             ... wielding a +0 battleaxe
              (4 damage)
             ... on level 7 of the Dungeon.
             The game lasted 00:22:38 (5251 turns).

Tovical the Fighter (Gargoyle Fighter)              Turns: 5251, Time: 00:22:38

Health: 0/68       AC: 31    Str: 22    XL:     10   Next: 1%
Magic:  10/10      EV:  3    Int: 11    God:    Zin [**....]
Gold:   282        SH:  0    Dex:  9    Spells: 9/9 levels left

rFire   + + .        u - +7 quarterstaff of Fepn {protect, rF+ rC+ Will+}
rCold   + + .        (shield currently unavailable)
rNeg    + . .        j - +0 gold dragon scales
rPois   ∞            m - +1 helmet
rElec   +            w - +0 cloak
rCorr   .            (no gloves)
SInv    +            (no boots)
Will    +....        (no amulet) Stlth
                     q - ring of see invisible
HPRegen 0.31/turn    (no ring)
MPRegen 0.12/turn

%: no passive effects
@: under a protective aura, on recite cooldown
A: sickness immunity, AC +7, negative energy resistance 1, electricity
resistance, torment resistance 1, petrification resistance
a: Renounce Religion, Recite, Vitalisation, Donate Gold


You were on level 7 of the Dungeon.
You worshipped Zin.
Zin was pleased with you.
You visited 2 branches of the dungeon, and saw 8 of its levels.
You also visited: Bailey.

You collected 313 gold pieces.
You donated 31 gold pieces to Zin.

Inventory:

Hand Weapons
 a - a +0 flail of venom
 b - a +0 sling
 n - a +0 whip
 u - the +7 quarterstaff of Fepn (weapon) {protect, rF+ rC+ Will+}
   (You took it off a wight on level 7 of the Dungeon)

   rF+:       It protects you from fire.
   rC+:       It protects you from cold.
   Will+:     It increases your willpower.
Missiles
 k - 3 curare-tipped darts
 o - 32 stones
 s - 2 javelins (quivered)
Armour
 c - a +0 buckler
 j - +0 gold dragon scales (worn)
 m - a +1 helmet (worn)
 w - a +0 cloak (worn)
Jewellery
 i - a ring of ice
 q - a ring of see invisible (left hand)
Wands
 l - a wand of digging (4)
Scrolls
 g - 4 scrolls of amnesia
 t - a scroll of fog
Potions
 d - a potion of invisibility {unknown}
 e - a potion of attraction {unknown}
 f - a potion of mutation {unknown}
 h - a potion of curing {unknown}
 p - 2 potions of ambrosia
 r - a potion of degeneration {unknown}
 v - a potion of heal wounds {unknown}


   Skills:
 + Level 10.6 Fighting
 + Level 9.5 Maces & Flails
 - Level 3.2 Armour
 - Level 3.2 Shields
 + Level 3.7 Evocations


You had 9 spell levels left.
You didn't know any spells.
Your spell library contained the following spells:

 Spells                   Type           Power      Damage    Failure   Level
 Necrotise                Necr           0%         1d4       100%        1
 Lesser Beckoning         Tloc           0%         N/A       100%        2
 Gell's Gravitas          Tloc           0%         N/A       100%        3
 Teleport Other           Tloc           0%         N/A       100%        3
 Tukima's Dance           Hex            0%         N/A       100%        3
 Vampiric Draining        Necr           0%         2d6       100%        3
 Martyr's Knell           Necr/Summ      0%         N/A       100%        4
 Passage of Golubria      Tloc           0%         N/A       100%        4
 Curse of Agony           Necr           0%         N/A       100%        5
 Yara's Violent Unravell  Hex/Alch       0%         3d3       100%        5


Dungeon Overview and Level Annotations

Branches:
Dungeon (7/15)             Temple (1/1) D:4          Bailey (visited)

Altars:
Ashenzari
Cheibriados
Dithmenos
Elyvilon
Fedhas
Hepliaklqana
Makhleb
Nemelex Xobeh
Okawaru
Qazlal
Sif Muna
Trog
Uskayaw
Vehumet
Wu Jian
Zin
The Shining One

Shops:
D:6 *

Annotations:
D:5 Pikel


Innate Abilities, Weirdness & Mutations

You are immune to sickness and miasma.
Your stone body is resilient. (AC +7)
You are immune to poison.
You resist negative energy. (rN+)
You are resistant to electric shocks. (rElec)
You are resistant to unholy torment.
You are immune to petrification.


Message History

You finish reciting Anathema 11:6.
You have reached level 10!
You start resting.
You are ready to recite again.
You start resting.
An orc warrior comes into view. It is wielding a +0 heavy battleaxe.
An orc warrior is nearby!
Activating: Recite (9% risk of failure)
Press: ? - help, Dir - look around, f - activate You clear your throat and prepare to recite. "Zin said that cleanliness shall be the law of the land, and..."
The orc warrior shouts!
You hear a shout!
You closely miss the orc warrior. "...those who turn to uncleanliness will be expelled.
This was fair..."
The orc warrior hits you with a +0 heavy battleaxe!
You sock the orc warrior!
Your weapon exudes an aura of protection.
The orc warrior is moderately wounded. "...and just, and not a voice dissented."
You finish reciting Ablutions 7:15.
You sock the orc warrior!
The orc warrior is severely wounded.
The orc warrior hits you with a +0 heavy battleaxe.
You hit the orc warrior.
The orc warrior is almost dead.
The orc warrior hits you but does no damage.
An orc comes into view. It is wielding a +0 battleaxe.
You hit the orc warrior but do no damage.
The orc warrior is almost dead.
You hit the orc warrior.
The orc warrior is almost dead.
You hit the orc warrior.
The orc warrior is almost dead.
The orc warrior hits you with a +0 heavy battleaxe!!
* * * LOW HITPOINT WARNING * * *
The orc hits you but does no damage.
You sock the orc warrior!
You kill the orc warrior!
The orc hits you with a +0 battleaxe.
You die...

####~## ≈≈≈~≈~~##
≈≈~~≈.~~##### ≈≈~~≈~~~##...
≈≈≈~~≈~.##...
########.≈≈≈~##...
#.......≈~~..###.#
#@#.....~~.~......
#)o.....≈~~~.###.# #
####$.##.~~~~~# #.# #.
#........~~~~~###.# ...#
#........~~~~..##.#
.....#####).#..##.~~~~~....#
............#..##.~~~~.###.#
.....z)z.......##.≈.~~.###.#
..#.....###.##.##..~~~~....#


You could see an orc.

Vanquished Creatures
  Grinder (D:3)
  Sigmund (D:3)
  A water moccasin (D:7)
  A black bear (D:3)
  13 orc warriors
  A sky beast (D:6)
  3 ogres
  2 phantoms (D:4)
  3 scorpions
  7 wights
  A howler monkey (D:4)
  A bombardier beetle (D:6)
  2 jellies (D:5)
  2 orc priests
  A hound (D:5)
  A sleepcap (D:5)
  5 orc wizards
  9 adders
  A shadow imp (D:6)
  2 dart slugs
  2 ribbon worms (D:2)
  26 orcs
  8 endoplasms
  2 giant cockroaches
  10 goblins
  11 hobgoblins
  5 kobolds
  3 quokkas
  8 ball pythons
  5 bats
  4 frilled lizards
  10 rats
152 creatures vanquished.

Notes
Turn   | Place    | Note
-------+----------+-------------------------------------------
     0 | D:1      | Tovical the Gargoyle Fighter began the quest for the Orb.
     0 | D:1      | Reached XP level 1. HP: 14/14 MP: 1/1
   109 | D:1      | Reached XP level 2. HP: 19/19 MP: 2/2
   422 | D:1      | Reached XP level 3. HP: 21/24 MP: 3/3
   453 | D:1      | Reached skill level 4 in Fighting
   644 | D:1      | Found a faded altar of an unknown god.
   941 | D:3      | Noticed Sigmund
   941 | D:3      | Noticed Grinder
  1011 | D:2      | Reached XP level 4. HP: 30/30 MP: 4/4
  1495 | D:3      | Killed Sigmund
  1496 | D:3      | Reached skill level 5 in Fighting
  1496 | D:3      | Reached XP level 5. HP: 34/36 MP: 5/5
  1496 | D:3      | Reached XP level 6. HP: 38/41 MP: 6/6
  1529 | D:3      | Noticed a black bear
  1536 | D:3      | Paralysed by Grinder for 5 turns
  1555 | D:3      | Killed a black bear
  1556 | D:3      | Reached skill level 6 in Fighting
  1561 | D:3      | Killed Grinder
  1562 | D:3      | Reached skill level 5 in Maces & Flails
  1562 | D:3      | Reached XP level 7. HP: 35/47 MP: 7/7
  2234 | D:4      | Reached skill level 7 in Fighting
  2371 | D:4      | Found a staircase to the Ecumenical Temple.
  2375 | Temple   | Entered the Ecumenical Temple
  2467 | Temple   | Became a worshipper of Zin the Law-Giver
  2467 | Temple   | Reached * piety under Zin
  2586 | D:5      | Entered Level 5 of the Dungeon
  2731 | D:4      | Reached XP level 8. HP: 53/53 MP: 8/8
  3176 | D:5      | Reached skill level 8 in Fighting
  3251 | D:5      | Noticed Pikel
  3331 | D:6      | Found Xaah's General Store.
  3531 | D:6      | Reached skill level 9 in Fighting
  3673 | D:6      | Reached ** piety under Zin
  3741 | D:6      | Reached XP level 9. HP: 56/60 MP: 9/9
  3906 | D:7      | Found a flagged portal.
  3968 | Bailey   | Entered a bailey
  4028 | Bailey   | Reached skill level 1 in Evocations
  4205 | Bailey   | Reached skill level 10 in Fighting
  4724 | Bailey   | Identified the +5 bardiche of the Shouting Gods {venom,
                  | Will+}
  4726 | Bailey   | Noticed an orc knight
  4726 | Bailey   | Noticed an orc knight
  4726 | Bailey   | Noticed an orc knight
  5123 | D:7      | Identified the +7 quarterstaff of Fepn {protect, rF+ rC+
                  | Will+}
  5162 | D:7      | Reached XP level 10. HP: 12/68 MP: 10/10
  5251 | D:7      | Slain by an orc

Illustrated notes

Levels and vault maps discovered:
D:1:      lightli_arrival_statue_moat, layout_basic,
          shapermc_ecumenical_altar_mp_ritualfount
D:2:      layout_rooms, kennysheep_big_empty_room
D:3:      layout_basic, chequers_jeans, uniq_sigmund, uniq_grinder
D:4:      layout_basic, minmay_temple_entry_sparse_star
D:5:      layout_cave_pools, uniq_pikel
D:6:      layout_basic, gammafunk_temple_overflow_statue, serial_shops, shop,
          serial_glass, glass_columns_a, glass_columns_a, glass_columns_a,
          glass_columns_c, minmay_strange_pillars, minmay_strange_pillars,
          item_on_display_a
D:7:      layout_loops_ring, enter_bailey_5, chequers_serial_rivers_large_a
Temple:   minmay_crystal_spiral_temple

Skill      XL: |  1  2  3  4  5  6  7  8  9 |
---------------+----------------------------+-----
Fighting       | 4 5 6 7 9 10 | 10.6
Maces & Flails | 3 4 5 6 8 9 |  9.5
Evocations     | 3 |  3.7
Armour         | |  3.2
Shields        | |  3.2

Action                     |  1- 3 |  4- 6 |  7- 9 | 10-12 || total
---------------------------+-------+-------+-------+-------++-------
  Melee: Flail             |    36 |    19 |   348 |       ||   403
         Whip              |    98 |    49 |       |       ||   147
         Unarmed           |       |       |     4 |       ||     4
         Quarterstaff      |       |       |     2 |     8 ||    10
   Fire: Sling             |       |     3 |       |       ||     3
  Throw: Javelin           |       |       |     6 |       ||     6
 Invoke: Recite            |       |       |     8 |     1 ||     9
         Vitalisation      |       |       |     1 |       ||     1
    Use: Scroll            |       |     5 |     5 |       ||    10
         Potion            |       |     1 |       |       ||     1
   Stab: Confused          |       |       |     1 |       ||     1
 Armour: Scale mail        |    77 |    45 |    88 |       ||   210
         Gold dragon scale |       |       |   207 |     6 ||   213
         Skin              |       |       |     1 |       ||     1
  Dodge: Dodged            |    59 |    33 |    75 |       ||   167
  Block: Buckler           |    21 |    14 |    60 |       ||    95
